 Dungeon Crawl Stone Soup version 0.21-a0-207-g4a9efaf (webtiles) character file.

95 Kidiri the Magician (level 4, 0/24 HPs)
             Began as a Deep Elf Fire Elementalist on Aug 20, 2017.
             Slain by an adder (5 damage)
             ... on level 3 of the Dungeon.
             The game lasted 00:06:41 (1945 turns).

Kidiri the Magician (Deep Elf Fire Elementalist)    Turns: 1945, Time: 00:06:42

Health: 0/24       AC:  3    Str:  5    XL:     4   Next: 39%
Magic:  0/13       EV: 13    Int: 21    God:
Gold:   135        SH:  0    Dex: 15    Spells: 4/13 levels left

rFire    . . .     SeeInvis .   f - +0 dagger (elec)
rCold    . . .     Gourm    .   (no shield)
rNeg     . . .     Faith    .   a - +0 robe
rPois    .         Spirit   .   n - +0 helmet
rElec    .         Reflect  .   (no cloak)
rCorr    .         Harm     .   (no gloves)
MR       .....                  (no boots)
Stlth    +++.......             (no amulet)
HPRegen  0.08/turn              g - ring of stealth
MPRegen  0.13/turn              (no ring)

@: lethally poisoned (0 -> -4)
A: no striking features
a: no special abilities


You were on level 3 of the Dungeon.
You were not hungry.

You visited 1 branch of the dungeon, and saw 3 of its levels.

You collected 135 gold pieces.

Inventory:

Hand Weapons
 f - a +0 dagger of electrocution (weapon)
Armour
 a - a +0 robe (worn)
 n - a +0 helmet (worn)
Jewellery
 g - a ring of stealth (left hand)
Potions
 e - a potion of haste {unknown}
 h - a potion of heal wounds
 i - a potion of lignification {unknown}
 l - 2 potions of brilliance {unknown}
 m - a potion of curing
Books
 b - a book of Flames

   Spells                             Type                      Level
   a - Flame Tongue                   Conjuration/Fire             1
   b - Throw Flame                    Conjuration/Fire             2
   c - Conjure Flame                  Conjuration/Fire             3
   d - Inner Flame                    Hexes/Fire                   3
   e - Sticky Flame                   Conjuration/Fire             4
   f - Fireball                       Conjuration/Fire             5
Comestibles
 c - 3 bread rations
 d - 4 chunks of flesh
 j - 4 fruits
 k - 3 meat rations


   Skills:
 - Level 2.4 Dodging
 - Level 2.4 Stealth
 * Level 5.2 Spellcasting
 + Level 2.3 Conjurations
 + Level 3.8 Fire Magic


You had 4 spell levels left.
You knew the following spells:

 Your Spells              Type           Power        Failure   Level  Hunger
a - Flame Tongue          Conj/Fire      ###..        3%          1    None
b - Throw Flame           Conj/Fire      ###...       4%          2    None
c - Conjure Flame         Conj/Fire      ###.....     9%          3    ##.....
d - Inner Flame           Hex/Fire       ##......     14%         3    ##.....


Dungeon Overview and Level Annotations

Branches:
Dungeon (3/15)

Altars:
Yredelemnul


Message History

Confirm with . or Enter, or press ? or * to list all spells.
Aiming: Flame Tongue
Press: ? - help, Shift-Dir - straight line, f - adder
Aim: an adder The flame tongue hits the adder.
The adder is severely wounded.
* * * LOW HITPOINT WARNING * * *
You feel sick. The adder barely misses you.
You closely miss the adder.
The adder is severely wounded.
The adder closely misses you. The adder misses you.
You hit the adder.
The adder is almost dead.
The adder closely misses you.
Unknown command.
You barely miss the adder.
The adder is almost dead.
* * * LOW HITPOINT WARNING * * *
You feel sick. The adder bites you.
You die...

######.#########.###.#
#######.......# #.....#
............#.##########
###########.............
###.###.....#
#...<.+.....+
#.#.##.#....##
#.#..._......# #
####@#####.# #S....#.#
#.......# #.####..##.#.#
#.o))ยง%..# ..
######.#...?.#
##........ .%...#..
........


You could see an adder.

Vanquished Creatures
  A worker ant (D:3)
  3 adders
  An ooze (D:1)
  2 dart slugs
  A leopard gecko (D:2)
  2 orcs (D:3)
  4 bats
  2 giant cockroaches (D:1)
  5 hobgoblins
  2 kobolds
  A ball python (D:3)
  3 frilled lizards
  5 goblins
  4 rats
36 creatures vanquished.

Notes
Turn   | Place    | Note
-------+----------+-------------------------------------------
     0 | D:1      | Kidiri the Deep Elf Fire Elementalist began the quest for the Orb.
     0 | D:1      | Reached XP level 1. HP: 10/10 MP: 6/6
   128 | D:1      | Reached XP level 2. HP: 15/15 MP: 3/8
   132 | D:1      | Learned a level 2 spell: Throw Flame
   293 | D:1      | Reached skill level 4 in Spellcasting
   847 | D:2      | Reached XP level 3. HP: 16/19 MP: 8/10
   852 | D:2      | Learned a level 3 spell: Conjure Flame
   856 | D:2      | Learned a level 3 spell: Inner Flame
  1257 | D:2      | Found a faded altar of an unknown god.
  1751 | D:3      | Reached XP level 4. HP: 24/24 MP: 12/12
  1910 | D:3      | Found a basalt altar of Yredelemnul.
  1923 | D:3      | Reached skill level 5 in Spellcasting
  1945 | D:3      | Slain by an adder

Vault maps used:
D:1:      dpeg_arrival_rooms_b
D:2:      chequers_ecumenical_altar_simple, first_bread, minmay_misc_feat_alley
D:3:      lemuel_crystal_altar, kennysheep_generic_room_6

Skill      XL: |  1  2  3  4 |
---------------+-------------+-----
Spellcasting   | 4 5 |  5.2
Conjurations   | 2 |  2.3
Dodging        | |  2.4
Stealth        | |  2.4
Fire Magic     | |  3.8

Action                   |  1- 3 |  4- 6 || total
-------------------------+-------+-------++-------
Melee: Dagger            |    39 |     7 ||    46
 Cast: Flame Tongue      |    35 |     9 ||    44
       Conjure Flame     |       |     1 ||     1
       Inner Flame       |       |     1 ||     1
  Use: Scroll            |     4 |       ||     4
       Potion            |     1 |       ||     1
 Stab: Sleeping          |     7 |       ||     7
  Eat: Chunk             |     2 |     1 ||     3
Armor: Robe              |     3 |     1 ||     4
Dodge: Dodged            |    20 |    16 ||    36
